AoeStats
← ?

Socotra

506158427Analyzed
2v2 RM · 21d ago on Sep 12, 2026· 38m 21s· 4 players
Game mode
Random Map
Map size
Tiny (2 player)
Population
200
Speed
Normal
Resources
Standard
Victory
Conquest
Starting age
Dark Age
Ending age
Imperial Age
RankedLock teamsTeams togetherTeam positionsShared explorationLock speedFull tech treeHidden civsTurbo modeCheats
Victory
Defeat
🇹🇼 Teutons · Taiwan
845
+17
🇹🇼 Spanish · Taiwan
845
+17
🇷🇴 Berbers · Romania
901
-19
🇦🇷 Turks · Argentina
823
-15
ML_宮美春掐
12:17 Feudal Age
13:47 Wheelbarrow
12:54 Horse Collar
13:02 Double-Bit Axe
14:07 Gold Mining
22:58 Castle Age
21:08 Stone Mining
24:48 Stone Shaft Mining
24:41 Fletching
25:22 Hand Cart
25:11 Heavy Plow
24:50 Pikeman
25:22 Gambesons
25:37 Squires
25:22 Arson
29:46 Forging
29:43 Scale Barding Armor
29:39 Scale Mail Armor
29:35 Bodkin Arrow
29:40 Padded Archer Armor
33:35 Bow Saw
36:05 Chain Mail Armor
ML_好了
9:23 Loom
11:58 Feudal Age
13:58 Man-at-Arms
17:43 Fletching
19:26 Padded Archer Armor
24:37 Arson
LOST
9:42 Loom
12:26 Feudal Age
19:33 Castle Age
18:29 Scale Barding Armor
26:42 Double-Bit Axe
36:28 Forging
36:04 Horse Collar
36:52 Bow Saw
?
1:20 Loom
17:03 Feudal Age
18:11 Man-at-Arms
19:38 Wheelbarrow
22:08 Horse Collar
26:18 Arson
26:37 Gold Mining
28:37 Town Watch
32:23 Padded Archer Armor
32:13 Fletching
32:19 Fletching
38:53 Castle Age
37:21 Scale Mail Armor
37:31 Forging
37:21 Padded Archer Armor
38:14 Padded Archer Armor
38:03 Double-Bit Axe
Connection lost

Rejoining the realm…

Still unreachable

The connection could not be restored.

Session expired

The server has moved on; the page needs a fresh start.